[ AOE2 MATCH · #480950410 ]
UnrankedCelts vs Bohemians
[ REPLAY ANALYSIS · EXTRACTED FROM THE RECORDED GAME ]
Feudal
14:35
Castle
18:30
Imperial
33:29
| APM avg | 19.4 |
| APM peak | 51 |
| eAPM avg | 12.0 |
| Villagers / military | 112 / 188 |
Focus
⚔️ 27.4% · 🌾 72.6%
Scorpion ×75 · Spearman ×75 · Trade Cart ×19 · Battering Ram ×17 · Mangonel ×13 · Woad Raider ×5
Feudal
12:40
Castle
21:15
Imperial
36:59
| APM avg | 7.5 |
| APM peak | 40 |
| eAPM avg | 5.0 |
| Villagers / military | 58 / 50 |
Focus
⚔️ 18.1% · 🌾 81.9%
Coustillier ×28 · Spearman ×10 · Mangonel ×7 · Knight ×5
Feudal
11:03
Castle
14:43
Imperial
30:27
| APM avg | 40.8 |
| APM peak | 132 |
| eAPM avg | 17.8 |
| Villagers / military | 152 / 403 |
Focus
⚔️ 29.9% · 🌾 70.1%
Hussite Wagon ×186 · Spearman ×185 · Bombard Cannon ×32 · Trade Cart ×7
Feudal
10:27
Castle
15:38
Imperial
30:42
| APM avg | 17.6 |
| APM peak | 47 |
| eAPM avg | 13.1 |
| Villagers / military | 133 / 495 |
Focus
⚔️ 32.8% · 🌾 67.2%
Boyar ×217 · Spearman ×170 · Scorpion ×101 · Trebuchet (Packed) ×6 · Monk ×1
Feudal
12:47
Castle
22:02
Imperial
34:27
| APM avg | 15.0 |
| APM peak | 41 |
| eAPM avg | 10.7 |
| Villagers / military | 169 / 219 |
Focus
⚔️ 26.6% · 🌾 73.4%
Camel Scout ×86 · Scout Cavalry ×45 · Mameluke ×36 · Spearman ×28 · Knight ×16 · Skirmisher ×8
Feudal
12:26
Castle
15:29
Imperial
25:55
| APM avg | 31.7 |
| APM peak | 87 |
| eAPM avg | 18.9 |
| Villagers / military | 127 / 523 |
Focus
⚔️ 26.5% · 🌾 73.5%
Scout Cavalry ×262 · Ballista Elephant ×258 · Trade Cart ×26 · Battle Elephant ×2 · Monk ×1
Feudal
—
Castle
—
Imperial
—
| APM avg | 14.9 |
| APM peak | 32 |
| eAPM avg | 11.3 |
| Villagers / military | 114 / 349 |
Focus
⚔️ 26.7% · 🌾 73.3%
Archer ×180 · War Elephant ×84 · Scout Cavalry ×80 · Trade Cart ×26 · Monk ×5
Feudal
10:59
Castle
18:09
Imperial
32:18
| APM avg | 20.4 |
| APM peak | 56 |
| eAPM avg | 12.1 |
| Villagers / military | 83 / 253 |
Focus
⚔️ 45.9% · 🌾 54.1%
Archer ×119 · Longbowman ×67 · Skirmisher ×56 · Mangonel ×5 · Monk ×4 · Trade Cart ×4
Match map
Initial resources + every placement click. Lines = walls · curves = elevation contours. ◆ gold · ⬟ stone · ● berries · ✦ relic · ◌ wall gap
Your base· ✓ Closed at 18:30 · 0t walls · 2 gate(s)
St. George Chevalier's base· ✓ Closed at 21:15 · 0t walls · 3 gate(s)
satanistkesenmücahitkedi's base· ✓ Closed at 14:43 · 0t walls · 2 gate(s)
essen's base· ✓ Closed at 15:38 · 0t walls · 2 gate(s)
öküzbaş alyon's base· ✓ Closed at 22:02 · 0t walls · 2 gate(s)
MONDOFOBİL's base· ✓ Closed at 15:29 · 0t walls · 3 gate(s)
iamlegolas312's base· ✓ Closed at 18:37 · 5t walls · 4 gate(s)
BAYDIRMAN's base· ✓ Closed at 18:09 · 0t walls · 3 gate(s)
Smoothed initial terrain · ◌ = detected wall gap · hover for details
Inputs per minute
— プッシー・デストロイ - - St. George Chevalier
Build order — プッシー・デストロイ
First 150 of 352 actions detected
| 0:05 | Build | House |
| 0:09 | Build | House |
| 0:10 | Create | Villager (Male) |
| 0:11 | Create | Villager (Male) |
| 0:11 | Create | Villager (Male) |
| 0:11 | Create | Villager (Male) |
| 0:12 | Create | Villager (Male) |
| 1:39 | Create | Villager (Male) |
| 1:39 | Create | Villager (Male) |
| 2:28 | Create | Villager (Male) |
| 2:28 | Create | Villager (Male) |
| 2:29 | Create | Villager (Male) |
| 3:13 | Create | Villager (Male) |
| 3:13 | Create | Villager (Male) |
| 3:35 | Create | Villager (Male) |
| 3:59 | Create | Villager (Male) |
| 4:00 | Create | Villager (Male) |
| 4:15 | Create | Villager (Male) |
| 4:15 | Create | Villager (Male) |
| 4:19 | Build | Mill |
| 4:49 | Build | House |
| 5:20 | Research | Loom |
| 5:37 | Create | Villager (Male) |
| 5:38 | Create | Villager (Male) |
| 5:41 | Create | Villager (Male) |
| 6:02 | Create | Villager (Male) |
| 6:10 | Build | House |
| 6:35 | Create | Villager (Male) |
| 6:36 | Create | Villager (Male) |
| 7:15 | Create | Villager (Male) |
| 7:16 | Create | Villager (Male) |
| 7:25 | Create | Villager (Male) |
| 7:43 | Build | House |
| 7:46 | Build | House |
| 7:58 | Create | Villager (Male) |
| 8:21 | Build | Mill |
| 8:35 | Build | Lumber Camp |
| 8:39 | Create | Villager (Male) |
| 8:40 | Create | Villager (Male) |
| 9:06 | Create | Villager (Male) |
| 9:18 | Build | Lumber Camp |
| 9:28 | Create | Villager (Male) |
| 9:35 | Create | Villager (Male) |
| 10:09 | Create | Villager (Male) |
| 10:18 | Create | Villager (Male) |
| 10:25 | Research | Feudal Age |
| 10:49 | Build | Mining Camp |
| 10:59 | Build | House |
| 11:01 | Build | House |
| 11:02 | Build | House |
| 11:04 | Build | House |
| 11:07 | Build | House |
| 11:10 | Build | House |
| 11:14 | Build | House |
| 11:15 | Build | House |
| 11:17 | Build | House |
| 11:19 | Build | House |
| 12:31 | Create | Villager (Male) |
| 12:31 | Create | Villager (Male) |
| 12:33 | Create | Villager (Male) |
| 13:13 | Build | Farm |
| 13:13 | Build | Farm |
| 13:13 | Build | Farm |
| 13:14 | Build | Farm |
| 13:15 | Build | Farm |
| 13:16 | Build | Farm |
| 13:32 | Build | Farm |
| 13:32 | Build | Farm |
| 13:36 | Build | Farm |
| 14:35 | Age | Feudal Age |
| 14:45 | Build | Market |
| 14:51 | Build | Blacksmith |
| 15:35 | Research | Castle Age |
| 16:12 | Build | Farm |
| 16:13 | Build | Farm |
| 16:13 | Build | Farm |
| 16:14 | Build | Farm |
| 16:15 | Build | Farm |
| 16:19 | Create | Villager (Male) |
| 16:20 | Create | Villager (Male) |
| 16:22 | Create | Villager (Male) |
| 16:54 | Research | Double-Bit Axe |
| 16:59 | Research | Horse Collar |
| 17:58 | Build | House |
| 18:30 | Age | Castle Age |
| 18:42 | Build | Siege Workshop |
| 19:13 | Build | Town Center |
| 19:24 | Create | Mangonel |
| 19:25 | Create | Mangonel |
| 19:29 | Create | Villager (Male) |
| 19:29 | Create | Villager (Male) |
| 19:40 | Build | House |
| 19:42 | Build | House |
| 19:53 | Create | Villager (Male) |
| 21:15 | Build | Gate |
| 21:33 | Create | Villager (Male) |
| 21:34 | Create | Villager (Male) |
| 21:34 | Create | Villager (Male) |
| 21:35 | Create | Villager (Male) |
| 21:40 | Create | Villager (Male) |
| 21:44 | Create | Villager (Male) |
| 21:50 | Create | Villager (Male) |
| 21:50 | Create | Villager (Male) |
| 21:50 | Create | Villager (Male) |
| 21:54 | Create | Villager (Male) |
| 22:16 | Create | Battering Ram |
| 22:33 | Research | Bow Saw |
| 22:34 | Research | Heavy Plow |
| 22:37 | Create | Villager (Male) |
| 22:40 | Create | Villager (Male) |
| 22:45 | Create | Villager (Male) |
| 22:47 | Create | Villager (Male) |
| 22:50 | Create | Villager (Male) |
| 22:51 | Create | Villager (Male) |
| 23:00 | Create | Villager (Male) |
| 23:05 | Build | House |
| 23:20 | Build | Stone Wall |
| 23:30 | Build | Stone Wall |
| 23:40 | Build | Stone Wall |
| 23:44 | Build | Palisade Gate |
| 23:54 | Create | Villager (Male) |
| 23:59 | Build | Mining Camp |
| 24:06 | Create | Villager (Male) |
| 24:17 | Research | Wheelbarrow |
| 24:36 | Build | Town Center |
| 24:48 | Create | Villager (Male) |
| 24:49 | Create | Villager (Male) |
| 24:52 | Research | Gold Mining |
| 25:08 | Build | Gate |
| 25:13 | Build | Stone Wall |
| 25:20 | Create | Villager (Male) |
| 25:27 | Create | Trade Cart |
| 25:34 | Create | Trade Cart |
| 25:35 | Create | Trade Cart |
| 25:37 | Create | Villager (Male) |
| 25:43 | Create | Villager (Male) |
| 25:44 | Create | Villager (Male) |
| 25:46 | Create | Villager (Male) |
| 26:16 | Build | House |
| 26:18 | Build | House |
| 26:19 | Build | House |
| 26:26 | Create | Villager (Male) |
| 26:28 | Create | Villager (Male) |
| 26:29 | Create | Villager (Male) |
| 26:32 | Build | Farm |
| 26:32 | Build | Farm |
| 26:32 | Build | Farm |
| 26:33 | Build | Farm |
| 26:33 | Build | Farm |
| 26:33 | Build | Farm |
Build order — St. George Chevalier
First 150 of 168 actions detected
| 0:08 | Build | House |
| 0:09 | Build | House |
| 0:10 | Build | House |
| 0:43 | Create | Villager (Male) |
| 0:43 | Create | Villager (Male) |
| 0:43 | Create | Villager (Male) |
| 0:43 | Create | Villager (Male) |
| 0:44 | Create | Villager (Male) |
| 1:01 | Build | Lumber Camp |
| 1:45 | Create | Villager (Male) |
| 2:36 | Create | Villager (Male) |
| 2:57 | Create | Villager (Male) |
| 3:44 | Create | Villager (Male) |
| 3:57 | Create | Villager (Male) |
| 4:01 | Create | Villager (Male) |
| 4:21 | Create | Villager (Male) |
| 5:07 | Build | Mill |
| 5:19 | Create | Villager (Male) |
| 5:20 | Create | Villager (Male) |
| 5:20 | Create | Villager (Male) |
| 5:38 | Create | Villager (Male) |
| 8:01 | Research | Double-Bit Axe |
| 8:03 | Research | Horse Collar |
| 8:07 | Research | Wheelbarrow |
| 10:09 | Build | Mining Camp |
| 10:31 | Research | Feudal Age |
| 11:14 | Build | Farm |
| 11:15 | Build | Farm |
| 11:16 | Build | Farm |
| 11:19 | Build | Farm |
| 11:20 | Build | Farm |
| 11:23 | Build | Farm |
| 11:25 | Build | Farm |
| 11:27 | Build | Farm |
| 11:28 | Build | Farm |
| 12:40 | Age | Feudal Age |
| 12:48 | Research | Hand Cart |
| 13:07 | Build | House |
| 13:08 | Build | House |
| 13:09 | Build | House |
| 13:10 | Build | House |
| 14:03 | Research | Bow Saw |
| 14:26 | Create | Villager (Male) |
| 14:26 | Create | Villager (Male) |
| 14:26 | Create | Villager (Male) |
| 14:26 | Create | Villager (Male) |
| 14:26 | Create | Villager (Male) |
| 14:39 | Research | Heavy Plow |
| 15:43 | Build | Barracks |
| 16:36 | Build | Stable |
| 16:49 | Build | Farm |
| 16:50 | Build | Farm |
| 16:52 | Build | Farm |
| 16:54 | Build | Farm |
| 16:56 | Build | Farm |
| 17:00 | Build | Farm |
| 17:04 | Build | Farm |
| 17:52 | Build | Blacksmith |
| 18:15 | Build | Stable |
| 18:35 | Research | Castle Age |
| 18:48 | Research | Scale Barding Armor |
| 19:07 | Build | Stable |
| 19:44 | Build | Market |
| 19:57 | Research | Forging |
| 21:15 | Age | Castle Age |
| 21:19 | Build | Town Center |
| 21:27 | Create | Villager (Male) |
| 21:27 | Create | Villager (Male) |
| 21:28 | Create | Villager (Male) |
| 21:28 | Create | Villager (Male) |
| 21:35 | Research | Husbandry |
| 21:54 | Research | Gold Mining |
| 21:55 | Research | Stone Mining |
| 22:15 | Build | University |
| 22:42 | Research | Cavalier (upgrade) |
| 23:04 | Build | Mining Camp |
| 23:16 | Create | Villager (Male) |
| 23:17 | Create | Villager (Male) |
| 23:17 | Create | Villager (Male) |
| 23:17 | Create | Villager (Male) |
| 23:17 | Create | Villager (Male) |
| 23:17 | Create | Villager (Male) |
| 23:24 | Build | Mining Camp |
| 23:32 | Create | Villager (Male) |
| 23:33 | Create | Villager (Male) |
| 23:33 | Create | Villager (Male) |
| 23:33 | Create | Villager (Male) |
| 23:33 | Create | Villager (Male) |
| 23:33 | Create | Villager (Male) |
| 23:47 | Build | Farm |
| 24:04 | Create | Villager (Male) |
| 24:04 | Create | Villager (Male) |
| 24:04 | Create | Villager (Male) |
| 24:37 | Build | Lumber Camp |
| 25:38 | Build | Farm |
| 25:39 | Build | Farm |
| 25:47 | Build | Farm |
| 26:21 | Research | Chain Barding Armor |
| 26:40 | Research | Gold Shaft Mining |
| 26:42 | Research | Stone Shaft Mining |
| 26:49 | Build | Farm |
| 26:50 | Build | Farm |
| 26:58 | Create | Villager (Male) |
| 26:58 | Create | Villager (Male) |
| 27:11 | Build | Farm |
| 27:26 | Build | Farm |
| 27:52 | Build | Farm |
| 27:56 | Create | Villager (Male) |
| 27:57 | Create | Villager (Male) |
| 27:57 | Create | Villager (Male) |
| 28:30 | Build | Farm |
| 28:55 | Create | Villager (Male) |
| 28:55 | Create | Villager (Male) |
| 28:55 | Create | Villager (Male) |
| 29:10 | Build | Farm |
| 29:25 | Build | Farm |
| 29:39 | Research | Two-Man Saw |
| 29:42 | Research | Crop Rotation |
| 30:10 | Research | Pikeman (upgrade) |
| 30:33 | Build | Castle |
| 30:51 | Research | Ballistics |
| 30:52 | Research | Murder Holes |
| 31:58 | Research | Burgundian Vineyards |
| 33:49 | Research | Imperial Age |
| 34:30 | Create | Coustillier ×5 |
| 35:16 | Create | Knight ×5 |
| 35:46 | Build | Archery Range |
| 35:47 | Build | Archery Range |
| 35:50 | Build | Archery Range |
| 36:04 | Build | Castle |
| 36:17 | Create | Coustillier ×5 |
| 36:17 | Create | Coustillier ×2 |
| 36:44 | Create | Spearman ×5 |
| 36:45 | Create | Spearman ×5 |
| 36:59 | Age | Imperial Age |
| 38:24 | Research | Conscription |
| 38:43 | Create | Coustillier ×5 |
| 38:44 | Create | Coustillier ×5 |
| 38:44 | Create | Coustillier ×5 |
| 38:44 | Create | Coustillier |
| 39:10 | Research | Iron Casting |
| 39:23 | Build | Mill |
| 39:25 | Build | Farm |
| 39:26 | Build | Farm |
| 39:27 | Build | Farm |
| 39:28 | Build | Farm |
| 39:29 | Build | Farm |
| 39:30 | Build | Farm |
| 39:31 | Build | Farm |
| 39:45 | Research | Crossbowman (upgrade) |
Build order — satanistkesenmücahitkedi
First 150 of 437 actions detected
| 0:01 | Create | Villager (Male) |
| 0:01 | Create | Villager (Male) |
| 0:02 | Create | Villager (Male) |
| 0:02 | Create | Villager (Male) |
| 0:02 | Create | Villager (Male) |
| 0:06 | Build | House |
| 0:08 | Build | House |
| 1:44 | Create | Villager (Male) |
| 2:07 | Create | Villager (Male) |
| 2:33 | Create | Villager (Male) |
| 2:51 | Build | Lumber Camp |
| 3:03 | Create | Villager (Male) |
| 3:03 | Create | Villager (Male) |
| 3:04 | Create | Villager (Male) |
| 3:32 | Build | House |
| 3:39 | Build | House |
| 3:51 | Create | Villager (Male) |
| 3:51 | Create | Villager (Male) |
| 3:51 | Create | Villager (Male) |
| 4:26 | Create | Villager (Male) |
| 4:26 | Create | Villager (Male) |
| 5:15 | Build | Mill |
| 5:48 | Create | Villager (Male) |
| 5:48 | Create | Villager (Male) |
| 6:09 | Create | Villager (Male) |
| 6:10 | Create | Villager (Male) |
| 6:10 | Create | Villager (Male) |
| 6:11 | Create | Villager (Male) |
| 6:42 | Build | Mill |
| 7:45 | Create | Villager (Male) |
| 7:46 | Create | Villager (Male) |
| 7:46 | Create | Villager (Male) |
| 7:56 | Build | Farm |
| 7:56 | Build | Farm |
| 7:57 | Build | Farm |
| 8:35 | Build | Mining Camp |
| 8:48 | Research | Feudal Age |
| 8:58 | Build | Farm |
| 9:22 | Create | Villager (Male) |
| 9:22 | Create | Villager (Male) |
| 9:38 | Build | House |
| 9:39 | Build | House |
| 11:03 | Age | Feudal Age |
| 11:07 | Build | Blacksmith |
| 11:13 | Build | Market |
| 11:35 | Build | Mining Camp |
| 12:03 | Research | Castle Age |
| 12:32 | Create | Villager (Male) |
| 12:41 | Research | Double-Bit Axe |
| 12:44 | Research | Horse Collar |
| 14:05 | Create | Villager (Male) |
| 14:06 | Create | Villager (Male) |
| 14:11 | Research | Wheelbarrow |
| 14:43 | Age | Castle Age |
| 14:44 | Research | Bow Saw |
| 14:44 | Research | Bow Saw |
| 14:52 | Build | Town Center |
| 15:20 | Create | Villager (Male) |
| 15:20 | Create | Villager (Male) |
| 15:51 | Build | Town Center |
| 16:02 | Create | Villager (Male) |
| 16:17 | Research | Heavy Plow |
| 16:28 | Build | Farm |
| 16:34 | Create | Villager (Male) |
| 16:41 | Build | Farm |
| 16:42 | Build | Farm |
| 16:56 | Build | Farm |
| 17:05 | Create | Villager (Male) |
| 17:13 | Build | Farm |
| 17:14 | Build | Farm |
| 17:18 | Build | Farm |
| 17:25 | Build | Farm |
| 17:33 | Build | Farm |
| 17:37 | Create | Villager (Male) |
| 17:37 | Create | Villager (Male) |
| 17:37 | Create | Villager (Male) |
| 17:40 | Create | Villager (Male) |
| 17:40 | Create | Villager (Male) |
| 17:44 | Build | Farm |
| 17:59 | Build | Farm |
| 18:09 | Build | Farm |
| 18:10 | Create | Villager (Male) |
| 18:10 | Create | Villager (Male) |
| 18:10 | Create | Villager (Male) |
| 18:15 | Build | Farm |
| 18:21 | Build | Farm |
| 18:31 | Create | Villager (Male) |
| 18:31 | Create | Villager (Male) |
| 18:41 | Build | Farm |
| 18:42 | Build | Farm |
| 18:44 | Build | Farm |
| 18:52 | Create | Villager (Male) |
| 18:56 | Build | Farm |
| 19:01 | Create | Villager (Male) |
| 19:01 | Create | Villager (Male) |
| 19:02 | Create | Villager (Male) |
| 19:11 | Build | Farm |
| 19:11 | Build | Farm |
| 19:17 | Create | Villager (Male) |
| 19:17 | Create | Villager (Male) |
| 19:21 | Create | Villager (Male) |
| 19:21 | Create | Villager (Male) |
| 19:32 | Build | Farm |
| 19:34 | Create | Villager (Male) |
| 19:34 | Create | Villager (Male) |
| 19:40 | Build | Farm |
| 19:41 | Create | Villager (Male) |
| 19:50 | Build | House |
| 19:52 | Build | House |
| 19:55 | Build | House |
| 20:00 | Build | House |
| 20:00 | Build | House |
| 20:03 | Build | House |
| 20:05 | Build | House |
| 20:06 | Build | House |
| 20:07 | Build | House |
| 20:12 | Build | House |
| 20:24 | Research | Hand Cart |
| 20:24 | Research | Hand Cart |
| 20:40 | Build | Farm |
| 20:47 | Create | Villager (Male) |
| 20:48 | Create | Villager (Male) |
| 20:48 | Create | Villager (Male) |
| 20:59 | Build | Farm |
| 21:00 | Build | Farm |
| 21:04 | Create | Villager (Male) |
| 21:04 | Create | Villager (Male) |
| 21:04 | Create | Villager (Male) |
| 21:10 | Build | Farm |
| 21:10 | Build | Farm |
| 21:11 | Build | Farm |
| 21:19 | Build | Farm |
| 21:21 | Create | Villager (Male) |
| 21:21 | Create | Villager (Male) |
| 21:36 | Build | Farm |
| 21:39 | Create | Villager (Male) |
| 21:39 | Create | Villager (Male) |
| 21:46 | Build | Farm |
| 21:46 | Build | Farm |
| 21:55 | Build | Farm |
| 21:58 | Create | Villager (Male) |
| 21:59 | Create | Villager (Male) |
| 21:59 | Create | Villager (Male) |
| 22:19 | Build | Farm |
| 22:19 | Build | Farm |
| 22:20 | Build | Farm |
| 22:20 | Build | Farm |
| 22:24 | Create | Villager (Male) |
| 22:25 | Create | Villager (Male) |
| 22:38 | Create | Villager (Male) |
Build order — essen
First 150 of 447 actions detected
| 0:01 | Create | Villager (Male) |
| 0:02 | Create | Villager (Male) |
| 0:02 | Create | Villager (Male) |
| 0:03 | Build | House |
| 0:05 | Build | House |
| 1:03 | Create | Villager (Male) |
| 1:28 | Create | Villager (Male) |
| 2:02 | Create | Villager (Male) |
| 2:15 | Create | Villager (Male) |
| 2:51 | Create | Villager (Male) |
| 3:00 | Build | Lumber Camp |
| 3:09 | Create | Villager (Male) |
| 3:29 | Create | Villager (Male) |
| 3:49 | Build | House |
| 3:52 | Create | Villager (Male) |
| 4:29 | Create | Villager (Male) |
| 5:02 | Create | Villager (Male) |
| 5:29 | Create | Villager (Male) |
| 5:29 | Create | Villager (Male) |
| 5:36 | Build | Mining Camp |
| 5:56 | Build | House |
| 6:06 | Create | Villager (Male) |
| 6:12 | Create | Villager (Male) |
| 6:12 | Create | Villager (Male) |
| 6:23 | Build | Mill |
| 7:10 | Create | Villager (Male) |
| 8:17 | Research | Feudal Age |
| 9:12 | Build | House |
| 10:27 | Age | Feudal Age |
| 10:31 | Research | Wheelbarrow |
| 10:34 | Build | Market |
| 11:02 | Build | Blacksmith |
| 12:31 | Build | House |
| 12:33 | Build | House |
| 12:34 | Build | House |
| 12:58 | Research | Castle Age |
| 13:31 | Build | Farm |
| 13:42 | Build | Farm |
| 13:44 | Build | Farm |
| 14:01 | Build | Farm |
| 14:11 | Build | Farm |
| 14:16 | Research | Horse Collar |
| 14:18 | Research | Double-Bit Axe |
| 14:37 | Build | Farm |
| 14:39 | Build | Farm |
| 14:40 | Build | Farm |
| 14:42 | Build | Farm |
| 14:43 | Build | Farm |
| 14:48 | Build | Farm |
| 15:10 | Create | Villager (Male) |
| 15:10 | Create | Villager (Male) |
| 15:11 | Create | Villager (Male) |
| 15:38 | Age | Castle Age |
| 15:51 | Build | Town Center |
| 16:59 | Build | Town Center |
| 17:02 | Create | Villager (Male) |
| 17:02 | Create | Villager (Male) |
| 17:03 | Create | Villager (Male) |
| 17:03 | Create | Villager (Male) |
| 17:03 | Create | Villager (Male) |
| 17:35 | Build | Monastery |
| 18:25 | Create | Villager (Male) |
| 18:25 | Create | Villager (Male) |
| 18:26 | Create | Villager (Male) |
| 18:26 | Create | Villager (Male) |
| 18:26 | Create | Villager (Male) |
| 18:33 | Create | Monk |
| 18:40 | Create | Villager (Male) |
| 18:40 | Create | Villager (Male) |
| 19:02 | Create | Villager (Male) |
| 19:03 | Create | Villager (Male) |
| 19:03 | Create | Villager (Male) |
| 19:03 | Create | Villager (Male) |
| 19:13 | Create | Villager (Male) |
| 19:13 | Create | Villager (Male) |
| 19:14 | Create | Villager (Male) |
| 20:23 | Build | Farm |
| 20:23 | Build | Farm |
| 20:28 | Create | Villager (Male) |
| 20:28 | Create | Villager (Male) |
| 20:28 | Create | Villager (Male) |
| 20:29 | Create | Villager (Male) |
| 20:30 | Create | Villager (Male) |
| 20:30 | Create | Villager (Male) |
| 20:32 | Build | Farm |
| 20:38 | Create | Villager (Male) |
| 20:38 | Create | Villager (Male) |
| 20:39 | Create | Villager (Male) |
| 20:39 | Create | Villager (Male) |
| 21:10 | Build | Farm |
| 21:12 | Create | Villager (Male) |
| 21:12 | Create | Villager (Male) |
| 21:16 | Create | Villager (Male) |
| 21:25 | Build | Mining Camp |
| 21:33 | Build | House |
| 21:34 | Build | House |
| 21:35 | Build | House |
| 21:36 | Build | House |
| 21:37 | Build | House |
| 21:38 | Build | House |
| 21:39 | Build | House |
| 21:42 | Create | Villager (Male) |
| 21:44 | Build | Farm |
| 22:06 | Create | Villager (Male) |
| 22:06 | Create | Villager (Male) |
| 22:10 | Research | Hand Cart |
| 22:15 | Build | Farm |
| 22:22 | Create | Villager (Male) |
| 23:05 | Build | Farm |
| 23:08 | Build | Mill |
| 23:10 | Create | Villager (Male) |
| 23:10 | Create | Villager (Male) |
| 23:10 | Create | Villager (Male) |
| 23:12 | Create | Villager (Male) |
| 23:12 | Create | Villager (Male) |
| 23:13 | Create | Villager (Male) |
| 23:13 | Create | Villager (Male) |
| 23:13 | Create | Villager (Male) |
| 23:26 | Create | Villager (Male) |
| 23:36 | Build | Farm |
| 23:59 | Research | Heavy Plow |
| 24:02 | Build | Farm |
| 24:48 | Build | Farm |
| 24:51 | Create | Villager (Male) |
| 24:51 | Create | Villager (Male) |
| 24:51 | Create | Villager (Male) |
| 24:51 | Create | Villager (Male) |
| 24:58 | Build | Farm |
| 24:59 | Build | Farm |
| 25:01 | Create | Villager (Male) |
| 25:04 | Create | Villager (Male) |
| 25:04 | Create | Villager (Male) |
| 25:05 | Create | Villager (Male) |
| 25:05 | Create | Villager (Male) |
| 25:11 | Build | House |
| 25:17 | Build | House |
| 25:18 | Build | House |
| 25:20 | Build | House |
| 25:21 | Build | House |
| 25:24 | Build | House |
| 25:34 | Build | Mill |
| 25:40 | Build | Mining Camp |
| 25:41 | Create | Villager (Male) |
| 25:46 | Create | Villager (Male) |
| 25:46 | Create | Villager (Male) |
| 25:46 | Create | Villager (Male) |
| 25:46 | Create | Villager (Male) |
| 25:47 | Create | Villager (Male) |
| 26:03 | Create | Villager (Male) |
| 26:10 | Build | University |
Build order — öküzbaş alyon
First 150 of 368 actions detected
| 0:13 | Build | House |
| 0:14 | Build | House |
| 0:29 | Create | Villager (Male) ×4 |
| 0:29 | Create | Villager (Male) ×4 |
| 0:52 | Build | House |
| 1:34 | Build | House |
| 1:36 | Build | House |
| 1:49 | Research | Loom |
| 1:59 | Create | Villager (Male) |
| 1:59 | Create | Villager (Male) |
| 2:04 | Create | Villager (Male) |
| 2:04 | Create | Villager (Male) |
| 2:05 | Research | Loom |
| 2:42 | Create | Villager (Male) |
| 2:42 | Create | Villager (Male) |
| 3:05 | Create | Villager (Male) |
| 3:06 | Create | Villager (Male) |
| 4:28 | Create | Villager (Male) ×4 |
| 5:04 | Create | Villager (Male) |
| 5:39 | Build | Mill |
| 5:46 | Create | Villager (Male) |
| 6:38 | Create | Villager (Male) |
| 6:54 | Create | Villager (Male) |
| 7:03 | Create | Villager (Male) |
| 7:14 | Build | House |
| 7:29 | Create | Villager (Male) |
| 7:47 | Build | Lumber Camp |
| 8:11 | Create | Villager (Male) |
| 8:11 | Create | Villager (Male) |
| 8:46 | Create | Villager (Male) |
| 8:47 | Create | Villager (Male) |
| 9:16 | Build | Mill |
| 10:27 | Build | House |
| 10:28 | Build | House |
| 10:37 | Research | Feudal Age |
| 11:19 | Create | Villager (Male) |
| 11:19 | Create | Villager (Male) |
| 11:53 | Build | Barracks |
| 12:38 | Build | Mill |
| 12:47 | Age | Feudal Age |
| 12:51 | Create | Villager (Male) |
| 12:58 | Research | Double-Bit Axe |
| 14:57 | Create | Villager (Male) ×5 |
| 15:00 | Research | Horse Collar |
| 15:14 | Build | Mining Camp |
| 16:33 | Create | Villager (Male) |
| 16:34 | Create | Villager (Male) |
| 16:40 | Build | Farm |
| 16:40 | Build | Farm |
| 16:41 | Build | Farm |
| 16:41 | Build | Farm |
| 16:41 | Build | Farm |
| 16:41 | Build | Farm |
| 16:42 | Build | Farm |
| 16:42 | Build | Farm |
| 16:42 | Build | Farm |
| 17:00 | Build | Market |
| 17:04 | Build | Blacksmith |
| 17:17 | Research | Gold Mining |
| 17:18 | Research | Stone Mining |
| 17:34 | Create | Villager (Male) |
| 18:32 | Create | Villager (Male) |
| 18:32 | Create | Villager (Male) |
| 18:46 | Build | Farm |
| 18:46 | Build | Farm |
| 18:47 | Build | Farm |
| 19:06 | Build | Lumber Camp |
| 19:09 | Research | Castle Age |
| 19:35 | Research | Gold Mining |
| 20:19 | Build | Mining Camp |
| 20:37 | Build | Farm |
| 20:37 | Build | Farm |
| 20:38 | Build | Farm |
| 20:39 | Build | Farm |
| 21:43 | Build | Stable |
| 21:47 | Build | Archery Range |
| 21:55 | Research | Stone Mining |
| 22:02 | Age | Castle Age |
| 22:31 | Research | Heavy Plow |
| 22:34 | Research | Bow Saw |
| 22:37 | Create | Villager (Male) ×5 |
| 22:42 | Create | Villager (Male) ×5 |
| 23:56 | Create | Villager (Male) |
| 23:57 | Create | Villager (Male) |
| 24:04 | Build | Town Center |
| 25:08 | Build | House |
| 25:09 | Build | House |
| 25:10 | Build | House |
| 25:11 | Build | House |
| 25:45 | Build | Town Center |
| 25:53 | Create | Villager (Male) ×5 |
| 26:23 | Research | Gold Shaft Mining |
| 26:36 | Create | Villager (Male) |
| 26:37 | Create | Villager (Male) |
| 26:42 | Create | Villager (Male) |
| 26:46 | Create | Villager (Male) |
| 26:46 | Create | Villager (Male) |
| 26:55 | Build | Farm |
| 27:34 | Create | Knight |
| 27:34 | Create | Knight |
| 27:47 | Build | Castle |
| 28:07 | Create | Villager (Male) ×5 |
| 28:14 | Build | Farm |
| 28:15 | Build | Farm |
| 28:15 | Build | Farm |
| 28:15 | Build | Farm |
| 28:20 | Create | Villager (Male) |
| 28:21 | Create | Villager (Male) |
| 28:21 | Research | Wheelbarrow |
| 28:39 | Create | Camel Scout |
| 28:40 | Create | Knight |
| 28:56 | Build | University |
| 30:02 | Build | Monastery |
| 30:05 | Build | University |
| 30:12 | Build | Farm |
| 30:12 | Build | Farm |
| 30:12 | Build | Farm |
| 30:12 | Build | Farm |
| 30:13 | Build | Farm |
| 30:13 | Build | Farm |
| 30:13 | Build | Farm |
| 30:15 | Build | Farm |
| 30:17 | Build | Farm |
| 30:21 | Create | Villager (Male) |
| 30:26 | Create | Villager (Male) ×5 |
| 30:29 | Research | Town Watch |
| 31:03 | Build | Mining Camp |
| 31:13 | Build | Mining Camp |
| 31:17 | Research | Imperial Age |
| 31:24 | Build | Farm |
| 31:32 | Create | Mameluke ×5 |
| 31:35 | Create | Camel Scout |
| 31:41 | Build | Farm |
| 31:45 | Build | Farm |
| 32:08 | Create | Villager (Male) ×5 |
| 32:16 | Create | Villager (Male) ×5 |
| 32:49 | Create | Villager (Male) ×5 |
| 32:56 | Create | Mameluke |
| 33:06 | Create | Villager (Male) ×5 |
| 33:24 | Build | Town Center |
| 33:44 | Create | Knight |
| 33:45 | Create | Knight |
| 33:45 | Research | Husbandry |
| 34:01 | Create | Mameluke |
| 34:02 | Create | Mameluke |
| 34:07 | Create | Knight |
| 34:18 | Research | Hand Cart |
| 34:27 | Age | Imperial Age |
| 34:30 | Research | Scale Barding Armor |
| 34:31 | Research | Forging |
Build order — MONDOFOBİL
First 150 of 497 actions detected
| 0:02 | Build | House |
| 0:04 | Build | House |
| 0:04 | Create | Villager (Male) |
| 0:05 | Create | Villager (Male) |
| 0:05 | Create | Villager (Male) |
| 0:58 | Create | Villager (Male) |
| 1:28 | Create | Villager (Male) |
| 2:12 | Create | Villager (Male) |
| 2:22 | Create | Villager (Male) |
| 2:56 | Create | Villager (Male) |
| 3:07 | Create | Villager (Male) |
| 3:40 | Create | Villager (Male) |
| 3:40 | Create | Villager (Male) |
| 3:56 | Build | House |
| 3:58 | Build | House |
| 4:00 | Create | Villager (Male) |
| 4:36 | Create | Villager (Male) |
| 4:37 | Create | Villager (Male) |
| 4:48 | Build | House |
| 6:06 | Create | Villager (Male) |
| 6:06 | Create | Villager (Male) |
| 6:06 | Create | Villager (Male) |
| 6:07 | Create | Villager (Male) |
| 6:07 | Create | Villager (Male) |
| 6:16 | Build | Lumber Camp |
| 6:52 | Create | Villager (Male) |
| 7:37 | Create | Villager (Male) |
| 7:38 | Create | Villager (Male) |
| 7:38 | Create | Villager (Male) |
| 7:38 | Create | Villager (Male) |
| 7:39 | Create | Villager (Male) |
| 7:39 | Create | Villager (Male) |
| 7:48 | Research | Loom |
| 7:48 | Create | Villager (Male) |
| 7:49 | Create | Villager (Male) |
| 7:49 | Create | Villager (Male) |
| 7:50 | Create | Villager (Male) |
| 8:02 | Build | Mill |
| 8:13 | Build | Mill |
| 8:39 | Build | Farm |
| 8:39 | Build | Farm |
| 8:39 | Build | Farm |
| 8:40 | Build | Farm |
| 9:31 | Build | Mining Camp |
| 9:36 | Research | Feudal Age |
| 10:36 | Build | House |
| 10:38 | Build | House |
| 10:38 | Build | House |
| 11:25 | Build | Farm |
| 11:32 | Build | Farm |
| 11:38 | Build | Farm |
| 12:18 | Build | Farm |
| 12:26 | Age | Feudal Age |
| 12:49 | Research | Castle Age |
| 13:00 | Build | Mining Camp |
| 13:10 | Research | Horse Collar |
| 13:48 | Create | Villager (Male) |
| 13:49 | Create | Villager (Male) |
| 13:51 | Create | Villager (Male) |
| 14:09 | Research | Double-Bit Axe |
| 15:29 | Age | Castle Age |
| 15:32 | Build | Town Center |
| 15:42 | Create | Villager (Male) |
| 15:57 | Build | Farm |
| 15:57 | Build | Farm |
| 15:58 | Build | Farm |
| 15:58 | Build | Farm |
| 15:58 | Build | Farm |
| 15:59 | Build | Farm |
| 16:23 | Create | Villager (Male) |
| 16:49 | Create | Villager (Male) |
| 17:00 | Research | Bow Saw |
| 17:04 | Create | Villager (Male) |
| 17:05 | Create | Villager (Male) |
| 17:06 | Create | Villager (Male) |
| 17:27 | Build | Farm |
| 17:34 | Create | Villager (Male) |
| 17:52 | Create | Villager (Male) |
| 17:53 | Create | Villager (Male) |
| 18:23 | Build | Farm |
| 18:29 | Create | Villager (Male) |
| 18:31 | Create | Villager (Male) |
| 18:35 | Build | Farm |
| 18:43 | Build | Outpost |
| 18:44 | Build | Outpost |
| 18:46 | Build | Outpost |
| 18:48 | Build | Outpost |
| 18:56 | Create | Villager (Male) |
| 18:57 | Create | Villager (Male) |
| 18:59 | Create | Villager (Male) |
| 19:26 | Build | Stone Wall |
| 19:31 | Create | Villager (Male) |
| 19:32 | Create | Villager (Male) |
| 19:45 | Build | Farm |
| 19:45 | Build | Farm |
| 19:45 | Build | Farm |
| 19:45 | Build | Farm |
| 19:46 | Build | Farm |
| 19:46 | Build | Farm |
| 19:46 | Build | Farm |
| 19:47 | Build | Farm |
| 19:50 | Create | Villager (Male) ×5 |
| 20:05 | Build | House |
| 20:07 | Build | House |
| 20:08 | Build | House |
| 20:10 | Build | House |
| 20:19 | Research | Heavy Plow |
| 20:44 | Build | Market |
| 20:50 | Create | Villager (Male) |
| 21:24 | Build | Farm |
| 21:24 | Build | Farm |
| 21:25 | Build | Farm |
| 21:25 | Build | Farm |
| 21:25 | Build | Farm |
| 21:29 | Create | Villager (Male) |
| 21:29 | Create | Villager (Male) |
| 21:29 | Create | Villager (Male) |
| 21:42 | Build | Farm |
| 22:02 | Build | Farm |
| 22:02 | Build | Farm |
| 22:02 | Build | Farm |
| 22:04 | Build | Farm |
| 22:04 | Build | Farm |
| 22:09 | Create | Villager (Male) |
| 22:09 | Create | Villager (Male) |
| 22:10 | Create | Villager (Male) |
| 22:10 | Create | Villager (Male) |
| 22:29 | Build | Farm |
| 22:30 | Build | Farm |
| 22:30 | Build | Farm |
| 22:30 | Build | Farm |
| 22:31 | Build | Farm |
| 22:31 | Build | Farm |
| 22:31 | Build | Farm |
| 22:39 | Build | House |
| 22:43 | Research | Imperial Age |
| 22:46 | Create | Villager (Male) |
| 23:05 | Create | Villager (Male) |
| 23:06 | Create | Villager (Male) |
| 23:10 | Research | Wheelbarrow |
| 23:12 | Create | Villager (Male) |
| 23:37 | Build | House |
| 23:38 | Build | House |
| 23:39 | Build | House |
| 23:40 | Build | House |
| 23:43 | Build | Blacksmith |
| 23:52 | Build | Stable |
| 24:20 | Build | Stable |
| 24:48 | Create | Villager (Male) |
| 24:48 | Create | Villager (Male) |
Build order — iamlegolas312
First 150 of 440 actions detected
| 0:03 | Research | Loom |
| 0:03 | Create | Villager (Male) |
| 0:04 | Create | Villager (Male) |
| 0:10 | Build | House |
| 0:11 | Build | House |
| 0:13 | Build | House |
| 0:16 | Build | House |
| 0:20 | Create | Villager (Male) |
| 0:59 | Create | Villager (Male) |
| 0:59 | Create | Villager (Male) |
| 0:59 | Create | Villager (Male) |
| 1:00 | Create | Villager (Male) |
| 2:03 | Create | Villager (Male) |
| 2:04 | Create | Villager (Male) |
| 2:04 | Create | Villager (Male) |
| 2:42 | Create | Villager (Male) |
| 2:43 | Create | Villager (Male) |
| 2:43 | Create | Villager (Male) |
| 3:35 | Create | Villager (Male) |
| 3:35 | Create | Villager (Male) |
| 4:30 | Create | Villager (Male) |
| 4:30 | Create | Villager (Male) |
| 4:31 | Create | Villager (Male) |
| 4:31 | Create | Villager (Male) |
| 4:31 | Create | Villager (Male) |
| 4:31 | Create | Villager (Male) |
| 5:34 | Build | Lumber Camp |
| 6:04 | Create | Villager (Male) |
| 6:05 | Create | Villager (Male) |
| 6:08 | Create | Villager (Male) |
| 6:08 | Create | Villager (Male) |
| 6:35 | Build | Mill |
| 6:55 | Create | Villager (Male) |
| 6:55 | Create | Villager (Male) |
| 8:02 | Research | Feudal Age |
| 8:09 | Build | House |
| 8:11 | Build | House |
| 8:15 | Build | House |
| 8:16 | Build | House |
| 9:52 | Create | Villager (Male) |
| 9:53 | Create | Villager (Male) |
| 10:08 | Build | Mill |
| 10:20 | Build | House |
| 10:21 | Build | House |
| 10:25 | Research | Double-Bit Axe |
| 10:36 | Build | Market |
| 10:38 | Build | Blacksmith |
| 10:42 | Create | Villager (Male) |
| 10:46 | Build | Mining Camp |
| 11:14 | Create | Villager (Male) |
| 11:14 | Create | Villager (Male) |
| 11:25 | Research | Gold Mining |
| 11:40 | Build | House |
| 11:41 | Build | House |
| 11:43 | Build | House |
| 12:11 | Create | Villager (Male) |
| 12:11 | Create | Villager (Male) |
| 12:30 | Build | House |
| 12:31 | Build | House |
| 12:38 | Build | Stone Wall |
| 12:40 | Build | Gate |
| 12:45 | Build | Farm |
| 12:46 | Build | Farm |
| 12:47 | Build | Farm |
| 12:47 | Build | Farm |
| 12:47 | Build | Farm |
| 12:48 | Build | Farm |
| 12:50 | Create | Villager (Male) |
| 13:05 | Build | House |
| 13:07 | Build | House |
| 13:11 | Create | Villager (Male) |
| 13:19 | Build | Farm |
| 14:00 | Create | Villager (Male) |
| 14:00 | Create | Villager (Male) |
| 14:04 | Build | Farm |
| 14:04 | Build | Farm |
| 14:39 | Create | Villager (Male) |
| 14:40 | Create | Villager (Male) |
| 14:42 | Build | Farm |
| 14:49 | Build | Farm |
| 14:51 | Build | Farm |
| 14:54 | Create | Villager (Male) |
| 15:03 | Build | House |
| 15:06 | Build | House |
| 15:07 | Build | House |
| 15:16 | Build | House |
| 15:19 | Build | House |
| 15:22 | Build | House |
| 15:33 | Create | Villager (Male) |
| 15:39 | Build | Farm |
| 15:40 | Build | Farm |
| 16:02 | Create | Villager (Male) |
| 16:06 | Create | Villager (Male) |
| 16:11 | Build | Farm |
| 16:54 | Research | Horse Collar |
| 17:08 | Create | Villager (Male) |
| 17:09 | Create | Villager (Male) |
| 17:16 | Build | Farm |
| 17:18 | Build | Farm |
| 17:31 | Build | Mining Camp |
| 17:54 | Build | House |
| 17:56 | Build | House |
| 17:57 | Build | House |
| 18:37 | Research | Castle Age |
| 19:32 | Research | Stone Mining |
| 19:36 | Research | Fletching |
| 19:36 | Research | Padded Archer Armor |
| 19:54 | Build | Barracks |
| 21:10 | Research | Wheelbarrow |
| 21:10 | Research | Town Watch |
| 21:18 | Build | Town Center |
| 21:27 | Build | Town Center |
| 21:40 | Build | Town Center |
| 21:44 | Research | Heavy Plow |
| 21:50 | Research | Bow Saw |
| 21:51 | Research | Gold Shaft Mining |
| 22:12 | Build | Lumber Camp |
| 22:18 | Create | Villager (Male) |
| 22:19 | Create | Villager (Male) |
| 22:24 | Create | Villager (Male) |
| 22:41 | Build | Monastery |
| 22:49 | Create | Villager (Male) |
| 22:49 | Create | Villager (Male) |
| 22:55 | Create | Villager (Male) |
| 22:59 | Create | Villager (Male) |
| 23:07 | Create | Monk |
| 23:07 | Create | Monk |
| 23:10 | Create | Villager (Male) |
| 23:10 | Create | Villager (Male) |
| 23:14 | Build | Farm |
| 23:16 | Build | Farm |
| 23:24 | Create | Villager (Male) |
| 23:29 | Build | House |
| 23:31 | Build | House |
| 23:32 | Build | House |
| 23:33 | Build | House |
| 23:41 | Create | Villager (Male) |
| 23:49 | Build | Farm |
| 23:51 | Build | Farm |
| 23:53 | Build | Farm |
| 23:56 | Create | Villager (Male) |
| 23:58 | Create | Villager (Male) |
| 24:15 | Create | Villager (Male) |
| 24:17 | Build | Farm |
| 24:19 | Build | Farm |
| 24:21 | Create | Villager (Male) |
| 24:22 | Create | Villager (Male) |
| 24:25 | Build | Farm |
| 24:28 | Build | Farm |
| 24:30 | Build | Farm |
Build order — BAYDIRMAN
First 150 of 511 actions detected
| 0:03 | Create | Villager (Male) |
| 0:03 | Create | Villager (Male) |
| 0:04 | Create | Villager (Male) |
| 0:05 | Build | House |
| 0:06 | Build | House |
| 0:16 | Create | Villager (Male) |
| 0:16 | Create | Villager (Male) |
| 1:25 | Create | Villager (Male) |
| 1:51 | Create | Villager (Male) |
| 2:17 | Create | Villager (Male) |
| 2:31 | Create | Villager (Male) |
| 2:40 | Build | Lumber Camp |
| 2:43 | Build | House |
| 2:47 | Create | Villager (Male) |
| 3:05 | Create | Villager (Male) |
| 3:32 | Create | Villager (Male) |
| 3:32 | Create | Villager (Male) |
| 4:20 | Research | Loom |
| 4:37 | Create | Villager (Male) |
| 4:37 | Create | Villager (Male) |
| 4:38 | Create | Villager (Male) |
| 4:38 | Create | Villager (Male) |
| 5:05 | Create | Villager (Male) |
| 5:05 | Create | Villager (Male) |
| 5:17 | Create | Villager (Male) |
| 5:18 | Create | Villager (Male) |
| 5:53 | Build | Mill |
| 6:15 | Build | Mill |
| 7:17 | Build | House |
| 7:30 | Create | Villager (Male) |
| 7:30 | Create | Villager (Male) |
| 8:05 | Create | Villager (Male) |
| 8:05 | Create | Villager (Male) |
| 8:10 | Build | House |
| 8:12 | Build | House |
| 8:41 | Research | Feudal Age |
| 9:11 | Create | Villager (Male) |
| 9:12 | Create | Villager (Male) |
| 9:43 | Build | Mill |
| 10:59 | Age | Feudal Age |
| 11:00 | Research | Double-Bit Axe |
| 11:03 | Research | Horse Collar |
| 11:36 | Create | Villager (Male) |
| 11:36 | Create | Villager (Male) |
| 12:14 | Build | Blacksmith |
| 12:23 | Build | Market |
| 12:26 | Create | Villager (Male) |
| 12:27 | Create | Villager (Male) |
| 12:30 | Build | Farm |
| 12:47 | Build | Farm |
| 12:50 | Create | Villager (Male) |
| 13:04 | Build | Farm |
| 13:09 | Build | Farm |
| 13:36 | Build | Farm |
| 13:55 | Create | Villager (Male) |
| 13:57 | Build | Farm |
| 14:13 | Build | House |
| 14:18 | Build | House |
| 14:31 | Build | Farm |
| 14:34 | Create | Villager (Male) |
| 14:57 | Build | Mining Camp |
| 15:04 | Create | Villager (Male) |
| 15:21 | Research | Castle Age |
| 16:25 | Research | Stone Mining |
| 16:36 | Research | Padded Archer Armor |
| 16:43 | Research | Wheelbarrow |
| 16:49 | Create | Villager (Male) |
| 16:49 | Create | Villager (Male) |
| 16:57 | Build | Mining Camp |
| 17:24 | Research | Gold Mining |
| 17:54 | Build | Mining Camp |
| 18:09 | Age | Castle Age |
| 18:19 | Build | Barracks |
| 18:28 | Research | Bow Saw |
| 19:11 | Create | Villager (Male) |
| 19:11 | Create | Villager (Male) |
| 19:28 | Build | Castle |
| 19:46 | Build | House |
| 20:01 | Build | Archery Range |
| 21:08 | Research | Crossbowman (upgrade) |
| 21:25 | Create | Villager (Male) |
| 21:25 | Create | Villager (Male) |
| 21:25 | Create | Villager (Male) |
| 21:26 | Create | Villager (Male) |
| 21:28 | Build | Farm |
| 21:29 | Build | Farm |
| 21:29 | Build | Farm |
| 21:29 | Build | Farm |
| 21:30 | Build | Farm |
| 21:30 | Build | Farm |
| 21:30 | Build | Farm |
| 23:07 | Create | Villager (Male) |
| 23:07 | Create | Villager (Male) |
| 23:07 | Create | Villager (Male) |
| 24:16 | Create | Villager (Male) |
| 24:16 | Create | Villager (Male) |
| 25:02 | Build | Town Center |
| 25:06 | Build | Farm |
| 25:08 | Create | Villager (Male) |
| 25:23 | Create | Villager (Male) |
| 25:24 | Create | Villager (Male) |
| 25:34 | Build | House |
| 25:43 | Create | Villager (Male) |
| 25:43 | Create | Villager (Male) |
| 25:43 | Create | Villager (Male) |
| 25:44 | Create | Villager (Male) |
| 25:48 | Build | Farm |
| 25:59 | Create | Villager (Male) |
| 26:24 | Build | Castle |
| 26:31 | Build | Farm |
| 26:34 | Create | Villager (Male) |
| 26:34 | Create | Villager (Male) |
| 26:37 | Build | Farm |
| 26:52 | Build | Siege Workshop |
| 28:09 | Build | Monastery |
| 28:15 | Create | Villager (Male) |
| 28:16 | Create | Villager (Male) |
| 28:16 | Create | Villager (Male) |
| 28:16 | Create | Villager (Male) |
| 28:24 | Build | Lumber Camp |
| 28:45 | Build | Castle |
| 29:08 | Research | Imperial Age |
| 29:36 | Research | Leather Archer Armor |
| 29:37 | Research | Fletching |
| 29:40 | Create | Villager (Male) |
| 29:40 | Create | Villager (Male) |
| 29:48 | Create | Villager (Male) |
| 29:49 | Create | Villager (Male) |
| 29:57 | Create | Monk |
| 29:59 | Create | Monk |
| 30:24 | Build | House |
| 30:28 | Build | House |
| 30:32 | Build | House |
| 30:38 | Build | House |
| 30:43 | Build | House |
| 30:51 | Create | Longbowman |
| 30:51 | Create | Longbowman |
| 30:51 | Create | Longbowman |
| 30:52 | Create | Longbowman |
| 31:23 | Create | Longbowman |
| 31:23 | Create | Longbowman |
| 31:33 | Create | Villager (Male) |
| 31:34 | Create | Villager (Male) |
| 32:02 | Build | University |
| 32:10 | Create | Trade Cart |
| 32:10 | Create | Trade Cart |
| 32:10 | Create | Trade Cart |
| 32:11 | Create | Trade Cart |
| 32:18 | Age | Imperial Age |
| 32:23 | Create | Villager (Male) |
Match timeline
| 10:27 | essen · age_up feudal |
| 10:59 | BAYDIRMAN · age_up feudal |
| 11:03 | satanistkesenmücahitkedi · age_up feudal |
| 11:53 | öküzbaş alyon · first_building Barracks |
| 12:26 | MONDOFOBİL · age_up feudal |
| 12:38 | iamlegolas312 · wall_segment Stone Wall x5 |
| 12:40 | St. George Chevalier · age_up feudal |
| 12:47 | öküzbaş alyon · age_up feudal |
| 14:35 | プッシー・デストロイ · age_up feudal |
| 14:43 | satanistkesenmücahitkedi · age_up castle |
| 15:29 | MONDOFOBİL · age_up castle |
| 15:38 | essen · age_up castle |
| 15:43 | St. George Chevalier · first_building Barracks |
| 16:36 | St. George Chevalier · first_building Stable |
| 17:35 | essen · first_building Monastery |
| 18:09 | BAYDIRMAN · age_up castle |
| 18:19 | BAYDIRMAN · first_building Barracks |
| 18:30 | プッシー・デストロイ · age_up castle |
| 18:42 | プッシー・デストロイ · first_building Siege Workshop |
| 19:26 | MONDOFOBİL · wall_segment Stone Wall x15 |
| 19:28 | BAYDIRMAN · first_building Castle |
| 19:54 | iamlegolas312 · first_building Barracks |
| 20:01 | BAYDIRMAN · first_building Archery Range |
| 21:15 | St. George Chevalier · age_up castle |
| 21:43 | öküzbaş alyon · first_building Stable |
| 21:47 | öküzbaş alyon · first_building Archery Range |
| 22:02 | öküzbaş alyon · age_up castle |
| 22:41 | iamlegolas312 · first_building Monastery |
| 23:20 | プッシー・デストロイ · wall_segment Stone Wall x7 |
| 23:30 | プッシー・デストロイ · wall_segment Stone Wall x1 |
| 23:40 | プッシー・デストロイ · wall_segment Stone Wall x8 |
| 23:52 | MONDOFOBİL · first_building Stable |
| 24:28 | プッシー・デストロイ · first_market_buy 100 stone |
| 24:38 | satanistkesenmücahitkedi · first_building Castle |
| 25:13 | プッシー・デストロイ · wall_segment Stone Wall x1 |
| 25:55 | MONDOFOBİL · age_up imperial |
| 26:17 | MONDOFOBİL · first_building Castle |
| 26:31 | satanistkesenmücahitkedi · first_building Siege Workshop |
| 26:39 | MONDOFOBİL · first_building Monastery |
| 26:52 | BAYDIRMAN · first_building Siege Workshop |
| 26:53 | essen · first_building Castle |
| 26:53 | satanistkesenmücahitkedi · first_building Barracks |
| 27:47 | öküzbaş alyon · first_building Castle |
| 28:09 | BAYDIRMAN · first_building Monastery |
| 28:14 | iamlegolas312 · first_building Castle |
| 28:25 | プッシー・デストロイ · first_market_sell 100 wood |
| 29:06 | プッシー・デストロイ · first_building Monastery |
| 29:28 | essen · first_building Siege Workshop |
| 30:02 | öküzbaş alyon · first_building Monastery |
| 30:12 | iamlegolas312 · first_building Archery Range |
| 30:27 | satanistkesenmücahitkedi · age_up imperial |
| 30:33 | St. George Chevalier · first_building Castle |
| 30:42 | essen · age_up imperial |
| 30:46 | satanistkesenmücahitkedi · first_market_sell 100 food |
| 31:20 | プッシー・デストロイ · first_building Castle |
| 31:37 | essen · first_building Barracks |
| 32:18 | BAYDIRMAN · age_up imperial |
| 33:29 | プッシー・デストロイ · age_up imperial |
| 33:56 | essen · first_building Stable |
| 34:27 | öküzbaş alyon · age_up imperial |
| 35:11 | MONDOFOBİL · first_market_buy 100 stone |
| 35:46 | St. George Chevalier · first_building Archery Range |
| 35:58 | MONDOFOBİL · tribute_sent a jugador 1 |
| 35:58 | MONDOFOBİL · tribute_sent a jugador 2 |
| 35:58 | MONDOFOBİL · tribute_sent a jugador 3 |
| 35:58 | MONDOFOBİL · tribute_sent a jugador 4 |
| 35:58 | MONDOFOBİL · tribute_sent a jugador 5 |
| 35:58 | MONDOFOBİL · tribute_sent a jugador 7 |
| 35:58 | MONDOFOBİL · tribute_sent a jugador 8 |
| 36:32 | プッシー・デストロイ · first_building Barracks |
| 36:59 | St. George Chevalier · age_up imperial |
| 37:40 | iamlegolas312 · first_building Stable |
| 40:42 | St. George Chevalier · first_building Siege Workshop |
| 41:35 | iamlegolas312 · first_market_sell 100 food |
| 41:48 | öküzbaş alyon · tribute_sent a jugador 1 |
| 41:48 | öküzbaş alyon · tribute_sent a jugador 2 |
| 41:48 | öküzbaş alyon · tribute_sent a jugador 3 |
| 41:48 | öküzbaş alyon · tribute_sent a jugador 5 |
| 41:48 | öküzbaş alyon · tribute_sent a jugador 6 |
| 41:48 | öküzbaş alyon · tribute_sent a jugador 7 |
| 41:48 | öküzbaş alyon · tribute_sent a jugador 8 |
| 42:24 | MONDOFOBİL · tribute_sent a jugador 1 |
| 42:24 | MONDOFOBİL · tribute_sent a jugador 2 |
| 42:24 | MONDOFOBİL · tribute_sent a jugador 3 |
| 42:24 | MONDOFOBİL · tribute_sent a jugador 4 |
| 42:24 | MONDOFOBİL · tribute_sent a jugador 5 |
| 42:24 | MONDOFOBİL · tribute_sent a jugador 7 |
| 42:24 | MONDOFOBİL · tribute_sent a jugador 8 |
| 42:35 | öküzbaş alyon · tribute_sent a jugador 1 |
| 42:35 | öküzbaş alyon · tribute_sent a jugador 2 |
| 42:35 | öküzbaş alyon · tribute_sent a jugador 3 |
| 42:35 | öküzbaş alyon · tribute_sent a jugador 5 |
| 42:35 | öküzbaş alyon · tribute_sent a jugador 6 |
| 42:35 | öküzbaş alyon · tribute_sent a jugador 7 |
| 42:35 | öküzbaş alyon · tribute_sent a jugador 8 |
| 44:24 | BAYDIRMAN · tribute_sent a jugador 1 |
| 44:24 | BAYDIRMAN · tribute_sent a jugador 2 |
| 44:24 | BAYDIRMAN · tribute_sent a jugador 3 |
| 44:24 | BAYDIRMAN · tribute_sent a jugador 4 |
| 44:24 | BAYDIRMAN · tribute_sent a jugador 5 |
| 44:24 | BAYDIRMAN · tribute_sent a jugador 6 |
| 44:24 | BAYDIRMAN · tribute_sent a jugador 7 |
| 45:42 | St. George Chevalier · tribute_sent a jugador 2 |
| 45:42 | St. George Chevalier · tribute_sent a jugador 3 |
| 45:42 | St. George Chevalier · tribute_sent a jugador 4 |
| 45:42 | St. George Chevalier · tribute_sent a jugador 5 |
| 45:42 | St. George Chevalier · tribute_sent a jugador 6 |
| 45:42 | St. George Chevalier · tribute_sent a jugador 7 |
| 45:42 | St. George Chevalier · tribute_sent a jugador 8 |
| 48:20 | MONDOFOBİL · tribute_sent a jugador 1 |
| 48:20 | MONDOFOBİL · tribute_sent a jugador 2 |
| 48:20 | MONDOFOBİL · tribute_sent a jugador 3 |
| 48:20 | MONDOFOBİL · tribute_sent a jugador 4 |
| 48:21 | MONDOFOBİL · tribute_sent a jugador 5 |
| 48:21 | MONDOFOBİL · tribute_sent a jugador 7 |
| 48:21 | MONDOFOBİL · tribute_sent a jugador 8 |
| 50:05 | St. George Chevalier · resign |
| 52:17 | öküzbaş alyon · tribute_sent a jugador 1 |
| 52:17 | öküzbaş alyon · tribute_sent a jugador 2 |
| 52:17 | öküzbaş alyon · tribute_sent a jugador 3 |
| 52:17 | öküzbaş alyon · tribute_sent a jugador 5 |
| 52:17 | öküzbaş alyon · tribute_sent a jugador 6 |
| 52:17 | öküzbaş alyon · tribute_sent a jugador 7 |
| 52:17 | öküzbaş alyon · tribute_sent a jugador 8 |
| 52:52 | öküzbaş alyon · tribute_sent a jugador 1 |
| 52:52 | öküzbaş alyon · tribute_sent a jugador 2 |
| 52:52 | öküzbaş alyon · tribute_sent a jugador 3 |
| 52:52 | öküzbaş alyon · tribute_sent a jugador 5 |
| 52:52 | öküzbaş alyon · tribute_sent a jugador 6 |
| 52:52 | öküzbaş alyon · tribute_sent a jugador 7 |
| 52:52 | öküzbaş alyon · tribute_sent a jugador 8 |
| 53:08 | BAYDIRMAN · wall_segment Stone Wall x3 |
| 53:09 | öküzbaş alyon · wall_segment Stone Wall x4 |
| 54:44 | essen · first_market_sell 500 food |
| 56:21 | öküzbaş alyon · first_market_sell 500 food |
| 61:53 | MONDOFOBİL · tribute_sent a jugador 1 |
| 61:53 | MONDOFOBİL · tribute_sent a jugador 2 |
| 61:53 | MONDOFOBİL · tribute_sent a jugador 3 |
| 61:53 | MONDOFOBİL · tribute_sent a jugador 4 |
| 61:53 | MONDOFOBİL · tribute_sent a jugador 5 |
| 61:53 | MONDOFOBİL · tribute_sent a jugador 7 |
| 61:53 | MONDOFOBİL · tribute_sent a jugador 8 |
[ AI ANALYSIS · 1 CREDIT ]
What really happened in this match?
Wolo.gg analyzes every decision: build order, eco, micro, common mistakes by bracket. Personalized analysis on WhatsApp or Discord in 30 seconds.
Civ guide
Celts
Perfil
Jugador #17827288